 Dungeon Crawl Stone Soup version 0.20.0-8-g6b59dc7 (webtiles) character file.

1392 tof the Cudgeler (level 8, -2/68 HPs)
             Began as a Minotaur Gladiator on June 2, 2017.
             Slain by a two-headed ogre
             ... wielding a +0 giant club
              (9 damage)
             ... on level 5 of the Dungeon.
             The game lasted 00:08:19 (4626 turns).

tof the Cudgeler (Minotaur Gladiator)               Turns: 4626, Time: 00:08:20

Health: -2/68      AC:  7    Str: 20    XL:     8   Next: 41%
Magic:  7/7        EV: 13    Int:  5    God:
Gold:   249        SH:  0    Dex: 13    Spells: 7/7 levels left

rFire    . . .     SeeInvis .   a - +0 flail
rCold    . . .     Gourm    .   (no shield)
rNeg     . . .     Faith    .   h - +0 ring mail
rPois    .         Spirit   .   c - +0 hat
rElec    .         Reflect  .   (no cloak)
rCorr    .         Harm     .   (no gloves)
MR       +....                  (no boots)
Stlth    +.........             (no amulet)
Regen    0.3/turn               w - ring of protection from magic
MPRegen  0.1/turn               t - +1 ring of protection

@: about to teleport, marked
A: retaliatory headbutt, horns 2
a: no special abilities


You were on level 5 of the Dungeon.
You were not hungry.

You visited 1 branch of the dungeon, and saw 5 of its levels.

You collected 249 gold pieces.

Inventory:

Hand Weapons
 a - a +0 flail (weapon)
Missiles
 d - 3 throwing nets
 v - 8 tomahawks (quivered)
Armour
 c - a +0 hat (worn)
 h - a +0 ring mail (worn)
Jewellery
 s - an uncursed amulet of faith
 t - a +1 ring of protection (right hand)
 w - a ring of protection from magic (left hand)
Scrolls
 m - 4 scrolls of remove curse
 o - a scroll of teleportation
 p - a scroll of blinking {unknown}
 q - 2 scrolls of amnesia {unknown}
 r - 2 scrolls of enchant armour {unknown}
 y - a scroll of enchant weapon {unknown}
 B - 3 scrolls of random uselessness {unknown}
Potions
 e - a potion of heal wounds {unknown}
 g - 4 potions of curing {unknown}
 j - a potion of flight {unknown}
 l - a potion of brilliance {unknown}
 n - 2 potions of lignification {unknown}
 u - a potion of haste {unknown}
 x - a potion of ambrosia {unknown}
 z - a potion of might {unknown}
 A - 2 potions of magic {unknown}
Comestibles
 b - 10 chunks of flesh
 f - 6 bread rations
 i - 4 meat rations
 k - 4 royal jellies


   Skills:
 + Level 5.3 Fighting
 * Level 7.5 Maces & Flails
 + Level 4.2 Throwing
 * Level 6.5 Armour
 + Level 5.3 Dodging


You had 7 spell levels left.
You didn't know any spells.

Dungeon Overview and Level Annotations

Branches:
Dungeon (5/15)
 Temple: D:4-7

Altars:


Innate Abilities, Weirdness & Mutations

You reflexively headbutt those who attack you in melee.
You have a pair of horns on your head.


Message History

You completely miss the killer bee. Your headbutt misses the killer bee.
The killer bee closely misses you. The killer bee stings you.
You hit the killer bee but do no damage.
The killer bee completely misses you. The killer bee closely misses you.
A two-headed ogre comes into view. It is wielding two giant clubs.
You completely miss the killer bee. Your headbutt misses the killer bee.
The killer bee stings you.
You sock the two-headed ogre!
The two-headed ogre is moderately wounded.
You barely miss the two-headed ogre.
The two-headed ogre is moderately wounded.
The two-headed ogre hits you with a giant club!! x2
* * * LOW HITPOINT WARNING * * *
You are too injured to fight recklessly!
You are too injured to fight recklessly!
You are too injured to fight recklessly!
As you read the scroll of teleportation, it crumbles to dust.
You feel strangely unstable.
The two-headed ogre hits you with a giant club!
You die...

).....#.#
###.#.#.#
#.....# #
##.##.#######
#
#.##.......#
#
#..#.#####.#
# ##.#.#
#.#### ##
#...# #....#
.# ##..#
####@#
.#####.># #O#
.#....#.#


#yy .#.##.#.# #### .).##.#.### .####.....# .# ####### .# ## You could see a
two-headed ogre and 2 killer bees.

Vanquished Creatures
  Sigmund (D:2)
  A phantom (D:5)
  A centaur (D:5)
  3 ogres
  2 scorpions (D:5)
  2 killer bees (D:5)
  2 howler monkeys
  A gnoll shaman (D:5)
  A jelly (D:5)
  An iguana (D:5)
  5 orc wizards
  3 worker ants
  Robin (D:2)
  6 adders
  4 gnolls (D:5)
  An adder skeleton (D:5)
  7 worms
  2 dart slugs
  6 leopard geckos
  16 orcs
  3 giant cockroaches
  26 goblins
  11 hobgoblins
  23 jackals
  A ball python (D:2)
  5 bats
  3 frilled lizards
  7 kobolds
  A leopard gecko skeleton (D:4)
  A quokka zombie (D:5)
  4 rats
151 creatures vanquished.

Notes
Turn   | Place    | Note
-------+----------+-------------------------------------------
     0 | D:1      | tof the Minotaur Gladiator began the quest for the Orb.
     0 | D:1      | Reached XP level 1. HP: 18/18 MP: 0/0
   315 | D:1      | Reached skill level 1 in Armour
   315 | D:1      | Reached XP level 2. HP: 19/25 MP: 1/1
   847 | D:2      | Noticed Sigmund
   856 | D:2      | Killed Sigmund
   856 | D:2      | Reached skill level 4 in Maces & Flails
   856 | D:2      | Reached XP level 3. HP: 20/31 MP: 2/2
   856 | D:2      | Reached XP level 4. HP: 24/38 MP: 3/3
   856 | D:2      | Reached XP level 5. HP: 29/45 MP: 4/4
  1012 | D:2      | Noticed Robin
  1035 | D:2      | Killed Robin
  1334 | D:2      | Reached skill level 5 in Maces & Flails
  1791 | D:2      | Reached XP level 6. HP: 52/52 MP: 5/5
  3261 | D:4      | Reached skill level 6 in Maces & Flails
  3261 | D:4      | Reached XP level 7. HP: 35/60 MP: 6/6
  3687 | D:5      | Entered Level 5 of the Dungeon
  3698 | D:5      | Reached skill level 5 in Armour
  4095 | D:5      | Reached skill level 5 in Dodging
  4200 | D:5      | Reached skill level 7 in Maces & Flails
  4200 | D:5      | Reached XP level 8. HP: 59/67 MP: 7/7
  4249 | D:5      | Reached skill level 5 in Fighting
  4623 | D:5      | Noticed a two-headed ogre
  4626 | D:5      | Slain by a two-headed ogre

Skill      XL: |  1  2  3  4  5  6  7  8 |
---------------+-------------------------+-----
Armour         | 1 3 4 5 6 |  6.5
Fighting       | 3 4 5 |  5.3
Maces & Flails | 4 5 6 7 |  7.5
Dodging        | 4 5 |  5.3
Throwing       | 3 4 |  4.2

Action                   |  1- 3 |  4- 6 |  7- 9 || total
-------------------------+-------+-------+-------++-------
Melee: Flail             |    47 |   159 |   127 ||   333
       Headbutt          |     9 |    24 |    25 ||    58
Throw: Tomahawk          |       |       |     5 ||     5
  Use: Scroll            |       |     3 |     1 ||     4
  Eat: Chunk             |       |     8 |     4 ||    12
Armor: Ring mail         |    14 |    42 |    28 ||    84
Dodge: Dodged            |    40 |   102 |    87 ||   229
